 Dungeon Crawl Stone Soup version 0.25.0-46-gbd7b0854d2 (webtiles) character file.

Game seed: 5489310855298227454

46393 rlgrobin the Bludgeoner (level 13, 0/169 HPs)
             Began as a Demigod Wanderer on July 13, 2020.
             Succumbed to a spiny frog's poison
             ... on level 6 of the Lair of Beasts.
             The game lasted 00:56:08 (24179 turns).

rlgrobin the Bludgeoner (Demigod Wanderer)         Turns: 24179, Time: 00:56:08

Health: 0/169      AC: 19    Str: 21    XL:     13   Next: 66%
Magic:  16/16      EV:  6    Int: 12    God:
Gold:   552        SH:  4    Dex: 21    Spells: 12/12 levels left

rFire    . . .     SeeInvis .   w - +10 flail of Mutilation {speed, *Contam *Corrode rC+++ Stlth+}
rCold    + + +     Gourm    .   I - +0 buckler
rNeg     . . .     Faith    .   e - +0 plate armour
rPois    .         Spirit   .   (no helmet)
rElec    .         Reflect  .   S - +2 cloak {MR+}
rCorr    +         Harm     .   A - +2 pair of gloves {archery}
MR       ++...                  H - +0 pair of boots
Stlth    ..........             (no amulet)
HPRegen  0.38/turn              i - +4 ring of slaying
MPRegen  0.15/turn              E - ring of resist corrosion

@: berserking (expiring), lethally poisoned (0 -> -109), corroded, very quick
A: high mp 1
a: no special abilities


You were on level 6 of the Lair of Beasts.
You were not hungry.

You visited 2 branches of the dungeon, and saw 17 of its levels.
You also visited: Ice Cave.

You collected 1275 gold pieces.
You spent 723 gold pieces at shops.

Inventory:

Hand Weapons
 w - the +10 flail of Mutilation (weapon) {speed, *Contam *Corrode rC+++ Stlth+}
   (You found it on level 7 of the Dungeon)

   Attacks with this weapon are significantly faster.
   It renders you almost immune to cold.
   It causes magical contamination when unequipped.
   It may corrode you when you take damage.
   It makes you more stealthy.
Missiles
 k - 7 curare-tipped darts (quivered)
 u - a throwing net
Armour
 e - a +0 plate armour (worn)
 p - a +2 cloak
 A - a +2 pair of gloves of archery (worn)
 H - a +0 pair of boots (worn)
 I - a +0 buckler (worn)
 S - a +2 cloak of magic resistance (worn)
Jewellery
 i - a +4 ring of slaying (left hand)
 m - a +6 ring of intelligence
 s - a +4 ring of protection
 E - a ring of resist corrosion (right hand)
 J - an uncursed ring of fire
 K - a +6 ring of intelligence
 T - a cursed ring of teleportation {unknown}
 U - an uncursed ring of stealth {unknown}
Wands
 d - a wand of disintegration (14)
 B - a wand of polymorph (3)
 G - a wand of iceblast (8)
 L - a wand of flame (58)
 M - a wand of clouds (3)
 P - a wand of random effects (18)
Scrolls
 a - 3 scrolls of immolation
 b - 3 scrolls of teleportation
 j - 11 scrolls of remove curse
 x - 5 scrolls of enchant armour
 y - 2 scrolls of blinking
 C - 2 scrolls of enchant weapon
 D - 2 scrolls of magic mapping
 N - 5 scrolls of identify
 O - a scroll of fog
 Q - 2 scrolls of amnesia
Potions
 c - a potion of berserk rage
 g - 5 potions of stabbing
 h - 7 potions of curing
 l - 4 potions of lignification
 n - a potion of resistance
 o - 3 potions of flight
 q - 4 potions of haste
 r - 2 potions of ambrosia
 t - a potion of might
 v - 2 potions of brilliance
 R - a potion of mutation {unknown}
Miscellaneous
 z - a lightning rod (4/4)
Comestibles
 f - 24 rations


   Skills:
 - Level 10.0 Fighting
   Level 6.2 Short Blades
 + Level 15.5 Maces & Flails
 - Level 1.7 Throwing
 - Level 11.0 Armour
 - Level 2.6 Stealth


You had 12 spell levels left.
You didn't know any spells.
Your spell library contained the following spells:

 Spells                   Type           Power        Failure   Level  Hunger
 Animate Skeleton         Necr           N/A          100%        1    ##.....
 Apportation              Tloc           #.....       100%        1    ##.....
 Corona                   Hex            #......      100%        1    ##.....
 Freeze                   Ice            #...         100%        1    ##.....
 Infusion                 Chrm           #...         100%        1    ##.....
 Magic Dart               Conj           #...         100%        1    ##.....
 Sandblast                Erth           #.....       100%        1    ##.....
 Shock                    Conj/Air       #...         100%        1    ##.....
 Summon Small Mammal      Summ           #...         100%        1    ##.....
 Blink                    Tloc           N/A          100%        2    ###....
 Call Imp                 Summ           #.......     100%        2    ###....
 Passwall                 Tmut/Erth      #.......     100%        2    ###....
 Poisonous Vapours        Pois/Air       #.....       100%        2    ###....
 Searing Ray              Conj           #.....       100%        2    ###....
 Shroud of Golubria       Chrm/Tloc      #.....       100%        2    ###....
 Slow                     Hex            #.......     100%        2    ###....
 Song of Slaying          Chrm           #.......     100%        2    ###....
 Swiftness                Chrm/Air       #.......     100%        2    ###....
 Call Canine Familiar     Summ           #.......     100%        3    ####...
 Confusing Touch          Hex            #.......     100%        3    ####...
 Conjure Flame            Conj/Fire      #.......     100%        3    ####...
 Dazzling Flash           Conj/Hex       #.....       100%        3    ####...
 Frozen Ramparts          Ice            #.....       100%        3    ####...
 Gell's Gravitas          Tloc           #.........   100%        3    ####...
 Mephitic Cloud           Conj/Pois/Air  #.......     100%        3    ####...
 Ozocubu's Armour         Chrm/Ice       #.......     100%        3    ####...
 Spectral Weapon          Hex/Chrm       #.......     100%        3    ####...
 Static Discharge         Conj/Air       #.......     100%        3    ####...
 Stone Arrow              Conj/Erth      #.....       100%        3    ####...
 Summon Guardian Golem    Hex/Summ       #.......     100%        3    ####...
 Airstrike                Air            #.........   100%        4    #####..
 Fulminant Prism          Conj/Hex       #.........   100%        4    #####..
 Hailstorm                Conj/Ice       #.......     100%        4    #####..
 Iskenderun's Mystic Bla  Conj/Tloc      #.......     100%        4    #####..
 Petrify                  Tmut/Erth      #.......     100%        4    #####..
 Summon Ice Beast         Ice/Summ       #.......     100%        4    #####..
 Summon Lightning Spire   Summ/Air       #.......     100%        4    #####..
 Lee's Rapid Deconstruct  Erth           #.........   100%        5    ######.
 Lightning Bolt           Conj/Air       #.........   100%        5    ######.
 Metabolic Englaciation   Hex/Ice        #.........   100%        5    ######.
 Yara's Violent Unravell  Hex/Tmut       #.........   100%        5    ######.
 Freezing Cloud           Conj/Ice/Air   #.........   100%        6    #######
 Ring of Flames           Chrm/Fire      #.........   100%        7    #######


Dungeon Overview and Level Annotations

Branches:
Dungeon (11/15)            Temple (0/1) D:7            Lair (6/6) D:9
  Swamp (0/4) Lair:3        Snake (0/4) Lair:3        Slime (0/5) Lair:6
    Orc (0/2) D:10          IceCv (visited)

Shops:
D:4 *   D:5 =   D:9 ?   D:10 !**

Annotations:
D:5 Blork the orc
Lair:6 1 runed translucent door


Innate Abilities, Weirdness & Mutations

You have an increased reservoir of magic. (+10% MP)


Message History

* * * LOW HITPOINT WARNING * * *
You feel very sick.
You are too berserk!
You closely miss the wolf spider.
* * * LOW HITPOINT WARNING * * *
You feel very sick.
The spiny frog stings you but does no damage.
The wolf spider hits you but does no damage.
You block the wolf spider's attack. The spiny frog stings you.
* * * LOW HITPOINT WARNING * * *
You are more poisoned.
The spiny frog poisons you!
Your shield and plate armour prevent you from hitting the wolf spider.
* * * LOW HITPOINT WARNING * * *
You feel very sick. The spiny frog stings you.
* * * LOW HITPOINT WARNING * * *
You sock the wolf spider!
The wolf spider is lightly wounded.
You die...

......##...##....##...##......##.
...P...##...#....#...##...P..###.
...P....##..##..##..##.......#...
..P......##.[#..#..##............
..###.....##.####.##....###......
....###....#..#####...### ##.....
......###.).....##.)### #.....
..PP..[.###.#..FF####... #..P#.
..........###.PP@s...... #.....
..........###.PPF†...... #...#.
...P....###.#....####... #...P.
..P...###.:.##..##..###. #.....
##P.###....#######....### ##.....
####.....##.####..#....###P.....
##P......##..#..#..##............
#.P.....##..##..##..##....P......
..#P...##...#....#...##..........


You could see a wolf spider and 3 spiny frogs.

Vanquished Creatures
  6 hydras
  A two-headed ogre (D:9)
  The ghost of funkygono the Thaumaturge, a novice DrCj of Vehumet (D:10)
  A necromancer (IceCv)
  A lindwurm (Lair:6)
  A wolf spider (Lair:6)
  5 elephants (Lair:5)
  A guardian serpent (Lair:6)
  7 black mambas
  An eye of devastation (Lair:6)
  5 torpor snails (Lair:6)
  2 ice statues (IceCv)
  8 spiny frogs
  2 rime drakes
  Maggie (D:6)
  6 komodo dragons
  8 ice devils (IceCv)
  A troll (D:9)
  8 hornets (Lair:6)
  A polar bear (Lair:4)
  A merfolk (D:10)
  5 tyrant leeches
  6 hippogriffs
  23 blink frogs
  10 wyverns
  A redback (Lair:6)
  3 hungry ghosts
  36 yaks
  2 basilisks
  Eustachio (D:6)
  Menkaure (D:5)
  2 swamp worms (Lair:3)
  A steam dragon (Lair:3)
  6 nagas (Lair:3)
  7 porcupines
  23 water moccasins
  An acid dragon (D:9)
  An eye of draining (Lair:6)
  3 ice beasts
  4 sky beasts
  2 black bears
  4 orc warriors
  4 phantoms
  A necrophage (D:3)
  6 wolves (Lair:6)
  11 crocodiles
  3 ogres
  A centaur (D:9)
  A big kobold (D:10)
  9 bullfrogs
  2 scorpions (D:5)
  A jelly (D:6)
  A troll zombie (D:10)
  3 howler monkeys (D:7)
  3 crimson imps
  2 quasits (D:9)
  A bullfrog zombie (D:9)
  4 draconian simulacra (IceCv)
  3 orc priests
  3 hounds
  A bullfrog skeleton (D:7)
  Jessica (D:2)
  7 orc wizards
  2 centaur skeletons
  2 iguanas
  6 worker ants
  A troll simulacrum (IceCv)
  A hell rat (Lair:3)
  A spriggan simulacrum (IceCv)
  A centaur simulacrum (IceCv)
  5 ogre zombies (D:10)
  A hound skeleton (D:10)
  A howler monkey zombie (D:6)
  6 gnolls
  7 adders
  2 ogre simulacra (IceCv)
  A naga simulacrum (IceCv)
  9 river rats (Lair:3)
  3 shadow imps
  3 oozes
  3 worms
  2 dart slugs (D:2)
  5 leopard geckos
  27 orcs
  2 ball pythons
  5 giant cockroaches
  8 goblins
  3 hobgoblins
  8 jackals
  6 quokkas
  A ball python skeleton (D:4)
  6 bats
  5 frilled lizards
  A goblin zombie (D:10)
  A hobgoblin skeleton (D:10)
  5 hobgoblin zombies (D:10)
  2 jackal zombies
  17 kobolds
  2 orc skeletons (D:10)
  9 orc zombies (D:10)
  13 rats
461 creatures vanquished.

Vanquished Creatures (others)
  A deep elf mage (D:10)
  A goblin skeleton (D:10)
  A kobold (D:10)
  14 fungi
  52 plants
69 creatures vanquished.

Grand Total: 530 creatures vanquished

Notes
Turn   | Place    | Note
-------+----------+-------------------------------------------
     0 | D:1      | rlgrobin the Demigod Wanderer began the quest for the Orb.
     0 | D:1      | rlgrobin set off with the following items: a +2 short
                  | sword, 2 scrolls of teleportation, a +0 robe, a +0 dagger,
                  | a ration
     0 | D:1      | Reached XP level 1. HP: 17/17 MP: 3/3
   364 | D:1      | Reached XP level 2. HP: 24/24 MP: 4/4
  1030 | D:2      | Reached XP level 3. HP: 24/29 MP: 5/5
  1198 | D:2      | Found a hazy altar of Hepliaklqana.
  1456 | D:2      | Reached XP level 4. HP: 33/36 MP: 6/6
  1528 | D:2      | Noticed Jessica
  1538 | D:2      | Killed Jessica
  1856 | D:2      | Found a shimmering blue altar of Sif Muna.
  2539 | D:3      | Noticed a necrophage
  2552 | D:3      | Killed a necrophage
  2552 | D:3      | Reached skill level 5 in Short Blades
  2552 | D:3      | Reached XP level 5. HP: 41/41 MP: 7/7
  2845 | D:3      | Found a faded altar of an unknown god.
  3194 | D:4      | Noticed a sky beast
  3208 | D:4      | Killed a sky beast
  3208 | D:4      | Reached XP level 6. HP: 27/48 MP: 8/8
  3536 | D:4      | Found Zeireodi's Assorted Antiques.
  3551 | D:4      | Bought a green potion for 26 gold pieces
  3551 | D:4      | Bought a blue potion for 26 gold pieces
  3551 | D:4      | Bought a scroll labeled EFFACZ JUPLYN for 29 gold pieces
  3551 | D:4      | Bought an amethyst potion for 26 gold pieces
  4107 | D:4      | Reached XP level 7. HP: 54/58 MP: 9/9
  4395 | D:5      | Entered Level 5 of the Dungeon
  4574 | D:5      | Found Fofrifiv's Jewellery Emporium.
  4687 | D:5      | Noticed Blork the orc
  4850 | D:5      | Noticed Menkaure
  4871 | D:5      | Killed Menkaure
  4871 | D:5      | Reached skill level 5 in Fighting
  5805 | D:6      | Reached XP level 8. HP: 51/71 MP: 10/10
  6387 | D:6      | Noticed Maggie
  6517 | D:6      | Found a shattered altar of Ashenzari.
  6600 | D:6      | Killed Maggie
  6851 | D:6      | Noticed Eustachio
  6868 | D:6      | Killed Eustachio
  7335 | D:7      | Found an opulent altar of Gozag.
  7346 | D:7      | Reached XP level 9. HP: 56/85 MP: 11/11
  7737 | D:7      | Found a staircase to the Ecumenical Temple.
  8046 | D:7      | Found a radiant altar of Vehumet.
  8419 | D:7      | Got a twisted flail
  8420 | D:7      | Identified the +10 flail of Mutilation {speed, *Contam
                  | *Corrode rC+++ Stlth+} (You found it on level 7 of the
                  | Dungeon)
  8524 | D:8      | Reached skill level 10 in Fighting
  8562 | D:8      | Reached skill level 2 in Maces & Flails
  8865 | D:8      | Found an iron altar of Okawaru.
  8865 | D:8      | Found a blossoming altar of Fedhas.
  9010 | D:8      | Reached skill level 3 in Maces & Flails
  9039 | D:8      | Found a glowing silver altar of Zin.
  9283 | D:9      | Reached skill level 4 in Maces & Flails
  9497 | D:9      | Reached skill level 5 in Maces & Flails
  9566 | D:9      | Noticed a two-headed ogre
  9576 | D:9      | Killed a two-headed ogre
  9576 | D:9      | Reached skill level 6 in Maces & Flails
  9997 | D:9      | Noticed a komodo dragon
 10011 | D:9      | Killed a komodo dragon
 10011 | D:9      | Reached skill level 7 in Maces & Flails
 10157 | D:9      | Noticed a komodo dragon
 10170 | D:9      | Killed a komodo dragon
 10170 | D:9      | Reached XP level 10. HP: 31/93 MP: 13/13
 10550 | D:9      | Found a staircase to the Lair.
 10677 | D:9      | Reached skill level 8 in Maces & Flails
 10705 | D:9      | Reached skill level 9 in Maces & Flails
 11020 | D:9      | Found a bloodstained altar of Trog.
 11122 | D:9      | Reached skill level 10 in Maces & Flails
 11478 | D:9      | Found Rokhac's Magic Scroll Shoppe.
 11482 | D:9      | Found a hide-covered altar of Uskayaw.
 11487 | D:9      | Bought a scroll of identify for 24 gold pieces
 11487 | D:9      | Bought a scroll of blinking for 90 gold pieces
 11487 | D:9      | Bought a scroll of magic mapping for 42 gold pieces
 11487 | D:9      | Bought a scroll of identify for 24 gold pieces
 11491 | D:9      | Found a sacrificial altar of Ru.
 11498 | D:9      | Found a shadowy altar of Dithmenos.
 11498 | D:9      | Found an ornate altar of the Wu Jian Council.
 11639 | D:4      | Bought a pair of glowing gloves for 217 gold pieces
 11988 | D:10     | Entered Level 10 of the Dungeon
 12056 | D:10     | Found Wepuq's Assorted Antiques.
 12064 | D:10     | Bought a fluorescent wand for 88 gold pieces
 12064 | D:10     | Bought a scroll of identify for 44 gold pieces
 12064 | D:10     | Bought a scroll labeled ANWOREOTOU for 22 gold pieces
 12073 | D:10     | Found Matarch's General Store.
 12329 | D:10     | Found a staircase to the Orcish Mines.
 12349 | D:10     | Reached skill level 11 in Maces & Flails
 12503 | D:10     | Reached XP level 11. HP: 52/99 MP: 14/14
 12762 | D:10     | Found Jick's Distillery.
 12767 | D:10     | Bought a potion of heal wounds for 65 gold pieces
 13135 | D:10     | Found a runed translucent door.
 13138 | D:10     | Noticed funkygono's ghost (novice DrCj)
 13468 | D:11     | Noticed an eight-headed hydra
 13511 | D:10     | Killed funkygono's ghost
 13511 | D:10     | Reached skill level 12 in Maces & Flails
 13613 | Lair:1   | Entered Level 1 of the Lair of Beasts
 14173 | Lair:1   | Noticed an eight-headed hydra
 14178 | Lair:1   | Noticed a four-headed hydra
 14187 | Lair:1   | Killed an eight-headed hydra
 14199 | Lair:1   | Killed a four-headed hydra
 14199 | Lair:1   | Reached skill level 13 in Maces & Flails
 14486 | Lair:1   | You fall into a shaft and drop 1 floor!
 14620 | Lair:1   | Noticed a five-headed hydra
 14675 | Lair:1   | Killed a five-headed hydra
 15538 | Lair:2   | Noticed a five-headed hydra
 15559 | Lair:2   | Killed a five-headed hydra
 15569 | Lair:2   | Reached skill level 14 in Maces & Flails
 15605 | Lair:2   | Reached XP level 12. HP: 27/106 MP: 15/15
 16928 | Lair:3   | Reached skill level 5 in Armour
 17342 | Lair:3   | Found a staircase to the Snake Pit.
 17797 | Lair:3   | Found a staircase to the Swamp.
 20491 | Lair:6   | Entered Level 6 of the Lair of Beasts
 20593 | Lair:6   | Noticed a six-headed hydra
 20613 | Lair:6   | Killed a six-headed hydra
 20613 | Lair:6   | Reached XP level 13. HP: 64/113 MP: 16/16
 20618 | Lair:6   | Reached skill level 10 in Armour
 20632 | Lair:6   | Found a staircase to the Slime Pits.
 20763 | Lair:6   | Found a frozen archway.
 20812 | IceCv    | Entered an ice cave
 22463 | Lair:6   | Reached skill level 15 in Maces & Flails
 22466 | Lair:6   | HP: 5/113 [wyvern (9)]
 22466 | Lair:6   | HP: 2/113 [wyvern (3)]
 23022 | Lair:6   | Found a runed translucent door.
 23408 | Lair:6   | Paralysed by a hornet for 1 turns
 24177 | Lair:6   | HP: 8/169 [spiny frog (4)]
 24178 | Lair:6   | HP: 2/169 [spiny frog (3)]
 24179 | Lair:6   | Succumbed to a spiny frog's poison

Illustrated notes

Levels and vault maps discovered:
D:1:      wander_arrival_chamber, layout_loops_corners, lexackson_kobold_supper
D:2:      layout_loops_ring, lemuel_round_altar, nicolae_overflow_crystal_walls,
          uniq_jessica
D:3:      layout_loops_ring, chequers_ecumenical_altar_twisty
D:4:      layout_layer_cave, serial_shops, shop_coins, first_ration
D:5:      layout_cave_pods, serial_shops, nicolae_shop_waterfront,
          uniq_menkaure, uniq_blork_the_orc
D:6:      layout_gridville, overflow_temple_1_default, uniq_maggie,
          uniq_eustachio
D:7:      layout_basic, marbit_many_paths, nicolae_overflow_hidden_temple,
          minmay_temple_entry_offerings
D:8:      layout_basic, zin_scriptorium,
          chequers_temple_overflow_statue_of_worship
D:9:      layout_irregular_city, overflow_temple_1_default,
          nicolae_overflow_quartered_altars, erik_lair_dragon, serial_shops,
          shop_fountains, serial_glass, glass_columns_b, glass_columns_c
D:10:     layout_basic, zombieorc1_lemuel, serial_shops, shop,
          kennysheep_little_box, nicolae_shop_stone,
          ebering_ghost_reflecting_pool, hangedman_stone_soup
D:11:     layout_loops_corners, ebering_ghost_inner_flame
Lair:1:   layout_concentric_octagons, cheibrodos_lair_caveside_slide,
          minmay_shattered_shrine
Lair:2:   layout_regular_city
Lair:3:   layout_small_grid, minmay_swamp_entry_worms,
          minmay_snake_entry_guardpost_medium, serial_forest,
          infiniplex_forest_clump_long, infiniplex_forest_clump_diagonal,
          infiniplex_forest_clump_C, infiniplex_forest_zigzag_1,
          infiniplex_forest_zigzag_2, infiniplex_forest_lined_ring,
          kennysheep_abandoned_house
Lair:4:   layout_hall_layers
Lair:5:   layout_regular_city, serial_bayou_pond_e
Lair:6:   hangedman_lair_tendril_chambers, layout_gridlike, wormcave,
          minmay_slime_entry_eyes, portal_ice_cave_entry_pillars_1,
          serial_bayou_shore_b

Skill      XL: |  1  2  3  4  5  6  7  8  9 10 11 12 13 |
---------------+----------------------------------------+-----
Short Blades   | 2 3 5 6 |  6.2
Fighting       | 3 6 9 10 | 10.0
Maces & Flails | 7 11 14 15 | 15.5
Armour         | 9 11 | 11.0
Throwing       | |  1.7
Stealth        | |  2.6

Action                   |  1- 3 |  4- 6 |  7- 9 | 10-12 | 13-15 || total
-------------------------+-------+-------+-------+-------+-------++-------
Melee: Short sword       |    92 |   148 |   222 |       |       ||   462
       Flail             |       |       |    92 |   774 |   365 ||  1231
Throw: Dart              |       |       |     5 |       |       ||     5
Evoke: Wand              |       |       |     5 |       |       ||     5
  Use: Scroll            |     2 |     7 |    10 |    10 |     1 ||    30
       Potion            |       |       |     4 |       |     4 ||     8
 Stab: Sleeping          |     5 |     1 |       |       |       ||     6
  Eat: Chunk             |     2 |     8 |    19 |    35 |     5 ||    69
       Ration            |       |       |       |       |     2 ||     2
Armor: Ring mail         |    29 |     8 |       |       |       ||    37
       Plate armour      |       |    69 |   133 |   290 |   132 ||   624
       Skin              |       |       |     2 |       |    12 ||    14
Dodge: Dodged            |    52 |    31 |    49 |   102 |    49 ||   283
Block: Buckler           |       |       |       |    41 |    36 ||    77
